 Dungeon Crawl Stone Soup version 0.22.1-5-g62c59d919a (webtiles) character file.

89 NochnoyZador the Sneak (level 4, -1/29 HPs)
             Began as an Octopode Assassin on Jan 12, 2019.
             Slain by Grinder (3 damage)
             ... on level 3 of the Dungeon.
             The game lasted 00:07:04 (2263 turns).

NochnoyZador the Sneak (Octopode Assassin)          Turns: 2263, Time: 00:07:04

Health: -1/29      AC:  1    Str: 11    XL:     4   Next: 55%
Magic:  4/4        EV: 12    Int: 13    God:
Gold:   62         SH:  3    Dex: 13    Spells: 3/3 levels left

rFire    . . .     SeeInvis .   a - +2 dagger
rCold    . . .     Gourm    .   o - +0 buckler
rNeg     . . .     Faith    .   (helmet restricted)
rPois    .         Spirit   .   (no amulet)
rElec    .         Reflect  .   (no ring)
rCorr    .         Harm     .   (no ring)
MR       .....                  (no ring)
Stlth    ++++......             (no ring)
HPRegen  0.09/turn              (no ring)
MPRegen  0.09/turn              (no ring)
                                (no ring)
                                (no ring)

@: no status effects
A: almost no armour, stealthy swim, amphibious, 8 rings, constrict 8, camouflage
1, gelatinous body 1
a: no special abilities


You were on level 3 of the Dungeon.
You were not hungry.

You visited 1 branch of the dungeon, and saw 3 of its levels.

You collected 62 gold pieces.

Inventory:

Hand Weapons
 a - a +2 dagger (weapon)
 b - a +0 blowgun
 j - a +0 dagger of freezing
Missiles
 c - 8 poisoned needles
 d - 2 curare-tipped needles
 e - 51 stones (quivered)
 h - 42 sling bullets
Armour
 o - a +0 buckler (worn)
Scrolls
 g - a scroll of blinking {unknown}
 l - a scroll of enchant weapon {unknown}
 n - a scroll of amnesia {unknown}
 q - a scroll of teleportation {unknown}
Potions
 i - a potion of flight {unknown}
 k - 2 potions of haste {unknown}
 p - a potion of berserk rage {unknown}
Comestibles
 f - 6 chunks of flesh
 m - a ration


   Skills:
 - Level 2.0 Fighting
 * Level 4.6 Short Blades
 - Level 2.0 Throwing
 - Level 1.0 Dodging
 - Level 5.3 Stealth


You had 3 spell levels left.
You didn't know any spells.
Your spell library was empty.

Dungeon Overview and Level Annotations

Branches:
Dungeon (3/15)

Altars:
Sif Muna

Annotations:
D:3 Grinder


Innate Abilities, Weirdness & Mutations

You cannot wear most types of armour.
You are very stealthy in the water. (Stealth+)
You are amphibious.
You can wear up to eight rings at the same time.
You can use your tentacles to constrict eight enemies at once.
Your skin changes colour to match your surroundings (Stealth+).
Your rubbery body absorbs attacks. (AC +1, EV +1)


Message History

Grinder hits you but does no damage.
Grinder blinks!
The frilled lizard bites you. The frilled lizard bites you. x2
You can move again.
You barely miss the frilled lizard. You grab the frilled lizard.
You constrict the frilled lizard. The frilled lizard bites you.
* * * LOW HITPOINT WARNING * * *
You closely miss the frilled lizard. Your squeeze misses the frilled lizard.
The frilled lizard is heavily wounded.
You constrict the frilled lizard.
You kill the frilled lizard!
You hit Grinder. Your grab misses Grinder.
Grinder is moderately wounded.
You hit Grinder. Your grab misses Grinder.
Grinder is moderately wounded.
Grinder hits you.
* * * LOW HITPOINT WARNING * * *
You writhe in agony.
You die...

..# .. #.# #### # #.###
#.# .... #. ...### #.#
..... ..#####...# #.# ....
...#...#.###.## ...♣
#.#..........# #..♣♣..
#............####.......
#.#......#...@5........
####...........####.......
.....#.......#.# .......
######.....(.#.# ♣......
#.......#.# ♣.!... #
####.####.# ..... #######
#.# #.# .... ....... ...
.. .... ###### ####


You could see Grinder.

Vanquished Creatures
  3 gnolls (D:2)
  A dart slug (D:2)
  2 leopard geckos (D:1)
  3 giant cockroaches
  15 goblins
  7 hobgoblins
  6 jackals
  A quokka (D:2)
  3 bats
  3 frilled lizards
  4 kobolds
  A rat (D:1)
49 creatures vanquished.

Notes
Turn   | Place    | Note
-------+----------+-------------------------------------------
     0 | D:1      | NochnoyZador the Octopode Assassin began the quest for the
                  | Orb.
     0 | D:1      | Reached XP level 1. HP: 14/14 MP: 1/1
   130 | D:1      | Reached XP level 2. HP: 17/19 MP: 2/2
   622 | D:1      | Reached XP level 3. HP: 24/24 MP: 3/3
  1397 | D:2      | Reached XP level 4. HP: 29/29 MP: 4/4
  1684 | D:2      | Found a deep blue altar of Sif Muna.
  2237 | D:3      | Noticed Grinder
  2253 | D:3      | Paralysed by Grinder for 6 turns
  2263 | D:3      | Slain by Grinder

Skill      XL: |  1  2  3 |
---------------+----------+-----
Short Blades   | 3 4 |  4.6
Fighting       | |  2.0
Throwing       | |  2.0
Dodging        | |  1.0
Stealth        | |  5.3

Action                   |  1- 3 |  4- 6 || total
-------------------------+-------+-------++-------
Melee: Dagger            |    60 |    33 ||    93
       Constrict         |    11 |    10 ||    21
       Tentacles         |     7 |     8 ||    15
 Stab: Sleeping          |    11 |     2 ||    13
       Distracted        |       |     1 ||     1
  Eat: Ration            |     1 |       ||     1
       Chunk             |       |     1 ||     1
Armor: Skin              |     6 |     3 ||     9
Dodge: Dodged            |    24 |    11 ||    35
